 Dungeon Crawl Stone Soup version 0.21.1-1-g345015f (webtiles) character file.

238 tidbits the Insei (level 6, 47/47 HPs)
             Began as a Gnoll Transmuter on Mar 20, 2018.
             Quit the game on level 2 of the Dungeon.
             The game lasted 00:09:54 (1213 turns).

tidbits the Insei (Gnoll Transmuter)                Turns: 1213, Time: 00:09:55

Health: 47/47      AC:  3    Str: 12    XL:     6   Next: 7%
Magic:  13/13      EV: 15    Int: 18    God:
Gold:   71         SH:  0    Dex: 15    Spells: 9/15 levels left

rFire    . . .     SeeInvis .   q - +0 dagger (drain)
rCold    . . .     Gourm    .   (no shield)
rNeg     . . .     Faith    .   b - +0 robe
rPois    .         Spirit   .   (no helmet)
rElec    .         Reflect  .   (no cloak)
rCorr    .         Harm     .   G - +0 pair of gloves
MR       .....                  (no boots)
Stlth    ++........             R - amulet of regeneration
HPRegen  0.55/turn              (no ring)
MPRegen  0.13/turn              (no ring)

@: no status effects
A: distributed training, fangs 1, strong nose
a: no special abilities


You were on level 2 of the Dungeon.
You were not hungry.

You visited 2 branches of the dungeon, and saw 6 of its levels.

You collected 71 gold pieces.

Inventory:

Hand Weapons
 j - a +0 dagger
 m - a +0 short sword of venom
   (You found it on level 1 of the Dungeon)
 q - a +0 dagger of draining (weapon)
   (You took it off a goblin on level 3 of the Dungeon)
 x - a +0 hunting sling
Missiles
 a - 21 arrows
 n - a throwing net {!f}
 o - 4 poisoned javelins
 y - 21 stones (quivered)
Armour
 b - a +0 robe (worn)
 G - a +0 pair of gloves (worn)
Jewellery
 f - an uncursed ring of fire
   (You found it on level 1 of the Dungeon)
 R - an amulet of regeneration (around neck)
   (You found it on level 2 of the Dungeon)
Wands
 k - a wand of polymorph (10)
 v - a wand of acid (6)
Scrolls
 g - a scroll of teleportation
 i - 4 scrolls of identify
 l - a scroll of amnesia
 p - a scroll of immolation
 r - a scroll of enchant armour {unknown}
 t - a scroll of remove curse {unknown}
 w - a scroll of fog {unknown}
Potions
 e - a potion of agility
 h - a potion of heal wounds
 s - a potion of haste {unknown}
Books
 d - a book of Changes

   Spells                             Type                      Level
   a - Beastly Appendage              Transmutation                1
   b - Sticks to Snakes               Transmutation                2
   c - Spider Form                    Transmutation/Poison         3
   d - Ice Form                       Ice/Transmutation            4
   e - Blade Hands                    Transmutation                5
 u - a book of Misfortune
   (You found it on level 3 of the Dungeon)

   Spells                             Type                      Level
   a - Confusing Touch                Hexes                        1
   b - Confuse                        Hexes                        3
   c - Gell's Gravitas                Translocation                3
   d - Petrify                        Transmutation/Earth          4
   e - Metabolic Englaciation         Hexes/Ice                    5
   f - Yara's Violent Unravelling     Hexes/Transmutation          5
Comestibles
 c - 6 rations


   Skills:
 + Level 3.1 Fighting
 + Level 1.7 Short Blades
 + Level 1.7 Long Blades
 + Level 1.7 Axes
 + Level 1.7 Maces & Flails
 + Level 1.7 Polearms
 + Level 1.7 Staves
 + Level 1.7 Slings
 + Level 1.7 Bows
 + Level 1.7 Crossbows
 + Level 1.7 Throwing
 + Level 1.7 Armour
 + Level 4.9 Dodging
 + Level 1.7 Stealth
 + Level 1.7 Shields
 + Level 6.7 Unarmed Combat
 + Level 5.3 Spellcasting
 + Level 1.3 Conjurations
 + Level 1.3 Hexes
 + Level 1.3 Charms
 + Level 1.3 Summonings
 + Level 1.3 Necromancy
 + Level 1.3 Translocations
 + Level 4.0 Transmutations
 + Level 1.3 Fire Magic
 + Level 1.3 Ice Magic
 + Level 1.3 Air Magic
 + Level 1.3 Earth Magic
 + Level 1.3 Poison Magic
 + Level 2.0 Invocations
 + Level 1.7 Evocations


You had 9 spell levels left.
You knew the following spells:

 Your Spells              Type           Power        Failure   Level  Hunger
e - Beastly Appendage     Tmut           ###...       2%          1    None
k - Sticks to Snakes      Tmut           ###.....     3%          2    #......
p - Spider Form           Tmut/Pois      ##........   13%         3    ##.....


Dungeon Overview and Level Annotations

Branches:
Dungeon (5/15)             Temple (1/1) D:4

Altars:
Ashenzari
Elyvilon
Gozag
Hepliaklqana
Kikubaaqudgha
Nemelex Xobeh
Okawaru
Qazlal
Trog
Uskayaw
Vehumet
Wu Jian
Xom
Zin
The Shining One


Innate Abilities, Weirdness & Mutations

Your experience applies equally to all skills.
You have very sharp teeth.
Your uncanny sense of smell can sniff out nearby items.


Message History

You climb upwards.
Your summoned ally is left behind.
There is a stone staircase leading down here.
Unknown command.
There is a stone staircase leading down here.
You climb downwards.
There is a stone staircase leading up here.
Unknown command.
Your transformation is almost over.
You see here a book of Misfortune.
u - a book of Misfortune
There is a stone staircase leading up here.
You climb upwards.
Your summoned ally is left behind.
Your transformation has ended.
Your +0 dagger of draining unmelds from your body.
Your +0 pair of gloves unmelds from your body.
Your +0 robe unmelds from your body.
You sense an unholy aura.
Found a wooden wand and 11 gold pieces.
There is a stone staircase leading down here.
Unknown command.
You see here a wand of acid (6).
v - a wand of acid (6)
You see here 11 gold pieces.
You now have 61 gold pieces (gained 11).
Found 24 sling bullets.
A rat comes into view.
The rat bites you but does no damage.
Found a scroll labeled MEGIQI TIGEU.
You completely miss the rat. The rat closely misses you.
You hit the rat but do no damage. You bite the rat, but do no damage.
The rat barely misses you.
You hit the rat.
You kill the rat!
You see here a scroll labeled MEGIQI TIGEU.
w - a scroll labeled MEGIQI TIGEU You are feeling hungry.
Found 10 gold pieces.
You see here 10 gold pieces.
You now have 71 gold pieces (gained 10).
A quokka and a goblin come into view.
The quokka barely misses you.
Casting: Sticks to Snakes
Confirm with . or Enter, or press ? or * to list all spells.
You turn into a venomous arachnid creature.
Your +0 dagger of draining melds into your body.
Your +0 pair of gloves melds into your body.
Your +0 robe melds into your body.
The quokka completely misses you.
You completely miss the quokka. The quokka completely misses you.
The goblin misses you.
You closely miss the quokka. The quokka completely misses you.
The goblin misses you.
You hit the quokka.
You kill the quokka!
You hit the goblin but do no damage.
The goblin is poisoned.
The goblin misses you.
You bite the goblin!
You kill the goblin!
You open the door.
A hobgoblin comes into view.
There is an open door here.
A frilled lizard comes into view.
The frilled lizard hisses angrily.
The hobgoblin shouts!
You hear a shout!
You open the door. The hobgoblin closely misses you.
Found an escape hatch in the floor.
There is an open door here.
You hit the hobgoblin.
The hobgoblin is poisoned.
The hobgoblin is almost dead.
You kill the hobgoblin!
Your Invocations skill increases to level 2!
You bite the frilled lizard!
You kill the frilled lizard!
Your transformation is almost over.
You see here a frilled lizard corpse.
You butcher the frilled lizard corpse.
You see here a chunk of flesh.
Eat a chunk of flesh? (ye/n/q)
You eat the chunk of flesh.
This raw flesh tastes terrible.
A goblin comes into view. It is wielding a dagger.
The goblin unwields an uncursed dagger.
The goblin wields a hunting sling.
The goblin shoots a stone.
The stone misses you.
The goblin shoots a stone.
The stone completely misses you.
The goblin shoots a stone.
The stone closely misses you.
The goblin shoots a stone.
The stone hits you but does no damage.
There is an open door here.
You see here a stone.
The goblin unwields an uncursed hunting sling.
The goblin wields an uncursed dagger.
The goblin closely misses you.
You hit the goblin.
You kill the goblin!
Your transformation has ended.
Your +0 dagger of draining unmelds from your body.
Your +0 pair of gloves unmelds from your body.
Your +0 robe unmelds from your body.
You sense an unholy aura.
Items here: ( )) † an uncursed dagger; an uncursed hunting sling; 21 stones; a goblin corpse
x - an uncursed hunting sling;
y - 21 stones
Found a bloodstained altar of Trog.
There is an open door here.
Are you sure you want to abandon this character and quit the game? (Confirm with "yes".)

...........# #....
...##..###. ###........#
#...#####.##...## ###.#.####
#...............#. ## #.#.#
#.#.#####.##...... ..###.#.#
#...#####.##..###. #.(.....#
#.........##..###. #####.###
######.##########......
......# #≈≈≈≈≈.§§≈≈≈#
##.#### #######
#≈####@####≈# #.# #≈≈≈.≈≈≈#
#.# #⌠≈.....≈⌠# #.#
##≈.._.§§###### #.# #####
###⌠≈.....§⌠#†..# #.####
#.....###.###≈§§≈≈§§####(#
#.#... ..#
#..#<..####⌠#⌠######.###.#.#
## #.###.#######
#..........# #.#
.##.....#####.#.....#


There were no monsters in sight!

Vanquished Creatures
  An ogre (D:4)
  2 worker ants (D:4)
  A gnoll (D:4)
  3 adders
  2 oozes (D:1)
  2 worms (D:2)
  2 bats (D:1)
  A giant cockroach (D:1)
  6 goblins
  2 hobgoblins
  3 jackals (D:1)
  4 quokkas (D:2)
  A ball python (D:3)
  2 frilled lizards
  2 kobolds
  7 rats
41 creatures vanquished.

Vanquished Creatures (collateral kills)
  Terence (D:2)
  An orc (D:4)
2 creatures vanquished.

Grand Total: 43 creatures vanquished

Notes
Turn   | Place    | Note
-------+----------+-------------------------------------------
     0 | D:1      | tidbits the Gnoll Transmuter began the quest for the Orb.
     0 | D:1      | Reached XP level 1. HP: 17/17 MP: 6/6
    20 | D:1      | Reached XP level 2. HP: 23/23 MP: 5/7
    35 | D:1      | Learned a level 2 spell: Sticks to Snakes
   273 | D:1      | Reached XP level 3. HP: 26/28 MP: 7/9
   278 | D:1      | Learned a level 3 spell: Spider Form
   401 | D:2      | Found a white marble altar of Elyvilon.
   464 | D:2      | Reached skill level 5 in Spellcasting
   503 | D:2      | Reached skill level 1 in Invocations
   517 | D:2      | Noticed Terence
   546 | D:2      | Killed Terence
   546 | D:2      | Reached skill level 1 in Short Blades
   546 | D:2      | Reached skill level 1 in Long Blades
   546 | D:2      | Reached skill level 1 in Axes
   546 | D:2      | Reached skill level 1 in Maces & Flails
   546 | D:2      | Reached skill level 1 in Polearms
   546 | D:2      | Reached skill level 1 in Staves
   546 | D:2      | Reached skill level 1 in Slings
   546 | D:2      | Reached skill level 1 in Bows
   546 | D:2      | Reached skill level 1 in Crossbows
   546 | D:2      | Reached skill level 1 in Throwing
   546 | D:2      | Reached skill level 1 in Armour
   546 | D:2      | Reached skill level 1 in Stealth
   546 | D:2      | Reached skill level 1 in Shields
   546 | D:2      | Reached skill level 1 in Evocations
   546 | D:2      | Reached XP level 4. HP: 33/34 MP: 6/11
   755 | D:4      | Noticed an ogre
   775 | D:4      | Killed an ogre
   775 | D:4      | Reached skill level 3 in Fighting
   775 | D:4      | Reached skill level 1 in Conjurations
   775 | D:4      | Reached skill level 1 in Hexes
   775 | D:4      | Reached skill level 1 in Charms
   775 | D:4      | Reached skill level 1 in Summonings
   775 | D:4      | Reached skill level 1 in Necromancy
   775 | D:4      | Reached skill level 1 in Translocations
   775 | D:4      | Reached skill level 1 in Fire Magic
   775 | D:4      | Reached skill level 1 in Ice Magic
   775 | D:4      | Reached skill level 1 in Air Magic
   775 | D:4      | Reached skill level 1 in Earth Magic
   775 | D:4      | Reached skill level 1 in Poison Magic
   775 | D:4      | Reached XP level 5. HP: 41/41 MP: 12/12
   800 | D:4      | Reached skill level 4 in Transmutations
   803 | D:4      | Found a staircase to the Ecumenical Temple.
   812 | Temple   | Entered the Ecumenical Temple
   897 | D:5      | Entered Level 5 of the Dungeon
   902 | D:4      | Reached XP level 6. HP: 47/47 MP: 13/13
   951 | D:4      | Noticed a phantom
  1175 | D:2      | Reached skill level 2 in Invocations
  1209 | D:2      | Found a bloodstained altar of Trog.
  1213 | D:2      | Quit the game

Skill      XL: |  1  2  3  4  5  6 |
---------------+-------------------+-----
Spellcasting   | 5 |  5.3
Invocations    | 1 2 |  2.0
Short Blades   | 1 |  1.7
Long Blades    | 1 |  1.7
Axes           | 1 |  1.7
Maces & Flails | 1 |  1.7
Polearms       | 1 |  1.7
Staves         | 1 |  1.7
Slings         | 1 |  1.7
Bows           | 1 |  1.7
Crossbows      | 1 |  1.7
Throwing       | 1 |  1.7
Armour         | 1 |  1.7
Stealth        | 1 |  1.7
Shields        | 1 |  1.7
Evocations     | 1 |  1.7
Fighting       | 3 |  3.1
Conjurations   | 1 |  1.3
Hexes          | 1 |  1.3
Charms         | 1 |  1.3
Summonings     | 1 |  1.3
Necromancy     | 1 |  1.3
Translocations | 1 |  1.3
Fire Magic     | 1 |  1.3
Ice Magic      | 1 |  1.3
Air Magic      | 1 |  1.3
Earth Magic    | 1 |  1.3
Poison Magic   | 1 |  1.3
Transmutations | 4 |  4.0
Dodging        | |  4.9
Unarmed Combat | |  6.7

Action                   |  1- 3 |  4- 6 || total
-------------------------+-------+-------++-------
Melee: Unarmed           |    52 |    44 ||    96
       Kick              |     3 |     1 ||     4
       Headbutt          |     3 |       ||     3
       Bite              |     3 |     5 ||     8
       Punch             |     2 |       ||     2
       Short sword       |     1 |       ||     1
       Dagger            |       |    23 ||    23
Throw: Stone             |     4 |       ||     4
       Javelin           |       |     2 ||     2
       Throwing net      |       |     2 ||     2
 Cast: Beastly Appendage |    10 |     2 ||    12
       Sticks to Snakes  |     3 |     3 ||     6
       Spider Form       |     2 |     8 ||    10
 Abil: End Transformatio |     1 |       ||     1
  Use: Scroll            |       |     6 ||     6
 Stab: Sleeping          |     3 |     3 ||     6
       Held in net/web   |       |     1 ||     1
  Eat: Chunk             |       |     2 ||     2
Armor: Robe              |     8 |     3 ||    11
       Skin              |     2 |     1 ||     3
Dodge: Dodged            |    28 |    42 ||    70

Table legend:
 A = Turns spent in this place as a percentage of turns spent in the entire game.
 B = Non-inter-level travel turns spent in this place as a percentage of non-inter-level travel turns spent in the entire game.
 C = Inter-level travel turns spent in this place as a percentage of turns spent in this place.
 D = Turns resting spent in this place as a percentage of non-inter-level travel turns spent in this place.
 E = Turns spent auto-exploring this place as a percentage of non-inter-level travel turns spent in this place.
 F = Non-inter-level travel turns spent in this place divided by the number of levels of this place that you've seen.
                   A       B       C       D       E      F
               +-------+-------+-------+-------+-------+----------------------
         Total | 100.0 | 100.0 |   0.7 |   0.0 |   0.0 | 200.7
       Dungeon |  95.2 |  95.9 |   0.0 |   0.0 |   0.0 | 231.0
        Temple |   4.8 |   4.1 |  15.5 |   0.0 |   0.0 |  49.0
               +-------+-------+-------+-------+-------+----------------------

Table legend:
 A = Kills in this place as a percentage of kills in entire the game.
 B = Kills by you in this place as a percentage of kills by you in the entire game.
 C = Kills by friends in this place as a percentage of kills by friends in the entire game.
 D = Other kills in this place as a percentage of other kills in the entire game.
 E = Experience gained in this place as a percentage of experience gained in the entire game.
 F = Experience gained in this place divided by the number of levels of this place that you have seen.
                   A       B       C       D       E      F
               +-------+-------+-------+-------+-------+----------------------
         Total | 100.0 | 100.0 | 100.0 |   N/A | 100.0 |  56.8
       Dungeon | 100.0 | 100.0 | 100.0 |   N/A | 100.0 |  68.2
               +-------+-------+-------+-------+-------+----------------------

Vault maps used:
D:1:      onia_arrival_handbag, serial_forest, infiniplex_forest_corner_2,
          infiniplex_forest_straight_2, infiniplex_forest_end_2,
          infiniplex_forest_lined_ring, infiniplex_forest_split,
          infiniplex_forest_clump_diagonal, infiniplex_forest_clump_tiny,
          minmay_misc_feat_five, minmay_misc_feat_room
D:2:      nicolae_overflow_hidden_temple, lightli_temple_of_fire, uniq_terence
D:3:      lemuel_crystal_altar, uniq_sigmund
D:4:      minmay_temple_entry_mist, first_ration
D:5:      cheibriados_altar_1, serial_shops, shop, kennysheep_generic_room_2,
          uniq_duvessa, uniq_grinder
Temple:   dshaligram_water_room_temple
